 Dungeon Crawl Stone Soup version 0.21.1-1-g345015f (webtiles) character file.

4232 RitorJet the Fighter (level 10, -6/85 HPs)
             Began as a Mummy Chaos Knight on Mar 1, 2018.
             Mangled by a fire crab (9 damage)
             ... on level 1 of the Lair of Beasts.
             The game lasted 00:23:37 (7695 turns).

RitorJet the Fighter (Mummy Chaos Knight)           Turns: 7695, Time: 00:23:38

Health: -6/85      AC:  9    Str: 17    XL:     10   Next: 9%
Magic:  14/14      EV:  6    Int: 13    God:    Xom [.....*]
Gold:   70         SH:  7    Dex: 12    Spells: 9/9 levels left

rFire    x . .     SeeInvis .   u - +2 war axe (flame)
rCold    + + .     Gourm    .   x - +0 shield
rNeg     + + +     Faith    +   j - +1 scale mail of Youthful Indiscretion {rC+ Stlth+}
rPois    ∞         Spirit   .   (no helmet)
rElec    .         Reflect  .   w - +0 cloak
rCorr    .         Harm     .   (no gloves)
MR       +....                  e - +0 pair of boots
Stlth    +.........             p - amulet of faith
HPRegen  0.24/turn              t - ring of wizardry
MPRegen  0.14/turn              (no ring)

@: about to teleport
A: no food or potions, fire vulnerability, cold resistance 1, negative energy
resistance 3, torment resistance, unbreathing
a: Renounce Religion


You were on level 1 of the Lair of Beasts.
You worshipped Xom.
You were Xom's teddy bear.
You were not hungry.

You visited 2 branches of the dungeon, and saw 9 of its levels.

You collected 326 gold pieces.
You spent 256 gold pieces at shops.

Inventory:

Hand Weapons
 a - a +0 hand axe of chaos
 k - a +4 spear of chaos
 l - a +1 spear of flaming
 u - a +2 war axe of flaming (weapon)
Armour
 b - a +2 leather armour
 c - a +0 plate armour
 e - a +0 pair of boots (worn)
 j - the +1 scale mail of Youthful Indiscretion (worn) {rC+ Stlth+}
   (You found it on level 6 of the Dungeon)

   It protects you from cold.
   It makes you more stealthy.
 w - a +0 cloak (worn)
 x - a +0 shield (worn)
Jewellery
 f - an uncursed amulet of magic regeneration
 n - an uncursed ring of fire
 p - an amulet of faith (around neck)
 t - a ring of wizardry (left hand)
Wands
 o - a wand of disintegration (5)
 z - a wand of digging (13)
Scrolls
 d - a scroll of magic mapping
 g - a scroll of fog
 h - a scroll of remove curse
 i - 5 scrolls of identify
 m - 2 scrolls of teleportation
 q - a scroll of amnesia
 r - a scroll of torment {unknown}
 v - a scroll of brand weapon {unknown}
 y - a scroll of fear {unknown}
Books
 s - a book of Frost

   Spells                             Type                      Level
   a - Freeze                         Ice                          1
   b - Throw Frost                    Conjuration/Ice              2
   c - Ozocubu's Armour               Charms/Ice                   3
   d - Throw Icicle                   Conjuration/Ice              4
   e - Summon Ice Beast               Ice/Summoning                4


   Skills:
 - Level 10.0 Fighting
 + Level 7.1 Axes
 - Level 2.0 Armour
 - Level 0.7 Dodging
 + Level 6.3 Evocations


You had 9 spell levels left.
You didn't know any spells.

Dungeon Overview and Level Annotations

Branches:
Dungeon (8/15)             Temple (0/1) D:7            Lair (1/6) D:8

Altars:
Xom

Shops:
D:6 (


Innate Abilities, Weirdness & Mutations

You do not eat or drink.
Your flesh is vulnerable to fire.
You are immune to poison.
Your flesh is cold resistant. (rC+)
You are immune to negative energy. (rN+++)
You are immune to unholy pain and torment.
You can survive without breathing.


Message History

Unknown command.
There is a staircase back to the Dungeon here. "This might be better!"
The komodo dragon evaporates and reforms as a fire crab!
You are now Xom's teddy bear.
You block the fire crab's attack. The fire crab claws you.
* * * LOW HITPOINT WARNING * * *
You are engulfed in flames!
The fire burns you terribly!
Xom roars with laughter!
* * * LOW HITPOINT WARNING * * *
The water moccasin bites you but does no damage.
As you read the scroll of teleportation, it crumbles to dust.
You feel strangely unstable. "The weather's been a little too boring around here."
The water moccasin bites you.
* * * LOW HITPOINT WARNING * * *
The fire crab bites you but does no damage.
The fire crab claws you!
You die...
Xom chortles!

#..## .#
#.#P##.##
#......P##
#........####
#.......?....
#.....######..
#....#<.....#
#..§tS§=......
#..§@#......#.
#.§§§#..#####
#.§§§§....
#..........
#P.##########
##. #


You could see a fire crab and a water moccasin.

Vanquished Creatures
  2 hogs (D:7)
  A steam dragon (D:4)
  A water moccasin (D:8)
  Duvessa (D:4)
  2 ice beasts
  A sky beast (D:5)
  4 wolves
  A necrophage (D:7)
  2 ogres
  A big kobold (D:7)
  Blork the orc (D:4)
  3 bullfrogs
  Dowan (D:4)
  2 scorpions
  3 howler monkeys
  6 hounds
  A jelly (D:6)
  2 orc priests
  2 centaur skeletons
  3 orc wizards
  Crazy Yiuf (D:6)
  An iguana (D:5)
  5 worker ants
  A hound skeleton (D:7)
  6 adders
  7 gnolls
  A river rat (D:8)
  A shadow imp (D:7)
  3 oozes
  An adder skeleton (D:2)
  2 worms
  2 dart slugs (D:2)
  7 leopard geckos
  16 orcs
  2 ball pythons
  2 giant cockroaches
  6 goblins
  8 hobgoblins
  2 jackals (D:3)
  3 quokkas
  7 bats
  4 frilled lizards
  4 kobolds
  8 rats
140 creatures vanquished.

Vanquished Creatures (collateral kills)
  A two-headed ogre (D:8)
  The ghost of Nr616 the Severer, a novice MiBe of Trog (D:8)
  2 hogs (D:7)
  A human (D:7)
  Grum (D:8)
  A crimson imp (D:7)
  A hound (D:7)
  A bullfrog skeleton (D:8)
  A worker ant (D:5)
  A howler monkey skeleton (D:5)
  An adder skeleton (D:7)
  A quokka (D:8)
  2 kobolds (D:7)
15 creatures vanquished.

Vanquished Creatures (others)
  A dancing weapon (D:7)
1 creature vanquished.

Grand Total: 156 creatures vanquished

Notes
Turn   | Place    | Note
-------+----------+-------------------------------------------
     0 | D:1      | RitorJet the Mummy Chaos Knight began the quest for the Orb.
     0 | D:1      | Reached XP level 1. HP: 18/18 MP: 1/1
     9 | D:1      | XOM: silly message
   112 | D:1      | XOM: divination: detect items
   115 | D:1      | Reached XP level 2. HP: 24/24 MP: 2/2
   265 | D:1      | XOM: harmless Tloc miscast
   657 | D:2      | Reached XP level 3. HP: 21/29 MP: 3/3
   898 | D:2      | Reached skill level 4 in Fighting
   992 | D:2      | XOM: harmless Fire miscast
  1087 | D:2      | Reached XP level 4. HP: 37/37 MP: 4/4
  1147 | D:2      | XOM: noise
  1394 | D:3      | XOM: chaos upgrade
  1465 | D:3      | XOM: 4-stop teleportation journey
  1785 | D:3      | Reached skill level 5 in Fighting
  1824 | D:3      | Reached XP level 5. HP: 44/44 MP: 5/5
  1927 | D:3      | XOM: divination: detect items
  1970 | D:3      | XOM: god gift: 2 needles of confusion
  2109 | D:4      | XOM: harmless Hex miscast
  2130 | D:4      | XOM: blink monster(s)
  2138 | D:4      | Reached skill level 6 in Fighting
  2144 | D:4      | Reached XP level 6. HP: 38/52 MP: 6/6
  2279 | D:4      | XOM: medium Tmut miscast
  2349 | D:4      | XOM: confuse monster(s)
  2428 | D:4      | XOM: cast spell 'Summon Butterflies'
  2629 | D:4      | Noticed Blork the orc
  2636 | D:4      | Reached skill level 7 in Fighting
  2648 | D:4      | Killed Blork the orc
  2711 | D:4      | XOM: harmless Chrm miscast
  2773 | D:4      | Noticed Duvessa
  2773 | D:4      | Noticed Dowan
  2793 | D:4      | Killed Duvessa
  2793 | D:4      | Reached XP level 7. HP: 48/60 MP: 7/7
  2796 | D:4      | Killed Dowan
  2912 | D:4      | Noticed a steam dragon
  2912 | D:4      | an ooze changed into a steam dragon
  2921 | D:4      | XOM: butterfly on damage
  2922 | D:4      | Killed a steam dragon
  2922 | D:4      | Reached skill level 8 in Fighting
  3219 | D:5      | Entered Level 5 of the Dungeon
  3267 | D:5      | Reached skill level 9 in Fighting
  3658 | D:5      | XOM: 4-stop teleportation journey
  3880 | D:5      | XOM: fog
  3884 | D:5      | Reached XP level 8. HP: 67/71 MP: 8/8
  4117 | D:5      | XOM: swap monsters
  4124 | D:5      | XOM: enchant monster (bad)
  4144 | D:5      | XOM: summons friendly ufetubus
  4237 | D:5      | XOM: 5-stop teleportation journey
  4458 | D:5      | Reached skill level 10 in Fighting
  4487 | D:5      | XOM: 1-stop teleportation journey
  4493 | D:5      | XOM: summons 4 hostile shadow creatures
  4681 | D:6      | XOM: scenery: create altars
  4683 | D:6      | XOM: polymorph ice beast -> worm
  4753 | D:6      | Got a warped scale mail
  4768 | D:6      | Identified the +1 scale mail of Youthful Indiscretion {rC+ Stlth+} (You found it on level 6 of the Dungeon)
  4835 | D:6      | Found a runed door.
  4929 | D:6      | Found Cegouwid's Weapon Shoppe.
  4935 | D:6      | Bought a +2 war axe of flaming for 256 gold pieces
  5102 | D:6      | Noticed Crazy Yiuf
  5106 | D:6      | Killed Crazy Yiuf
  5117 | D:6      | XOM: god gift: 22 arrows
  5175 | D:7      | Reached skill level 1 in Evocations
  5313 | D:7      | XOM: cleaving
  5649 | D:7      | Found a staircase to the Ecumenical Temple.
  5706 | D:7      | XOM: 1-stop teleportation journey
  5788 | D:7      | XOM: summons friendly shadow imp
  5795 | D:7      | XOM: summons 2 friendly demons
  5797 | D:7      | Reached XP level 9. HP: 40/78 MP: 11/11
  5804 | D:7      | Reached skill level 5 in Axes
  5818 | D:7      | XOM: summons 4 hostile shadow creatures
  6083 | D:8      | Noticed Grum
  6132 | D:7      | XOM: divination: detect creatures
  6136 | D:8      | Killed Grum
  6183 | D:7      | XOM: scenery: create altars
  6281 | D:8      | XOM: blink monster(s)
  6288 | D:8      | Reached skill level 5 in Evocations
  6563 | D:8      | Noticed a death yak
  6573 | D:8      | XOM: 1-stop teleportation journey
  6574 | D:8      | Noticed a two-headed ogre
  6575 | D:8      | XOM: silly message
  6578 | D:8      | XOM: repel stairs
  6591 | D:8      | XOM: noise
  6603 | D:8      | XOM: fog
  6606 | D:8      | Noticed a death yak
  6606 | D:8      | Noticed a death yak
  6606 | D:8      | XOM: harmless Conj miscast
  6617 | D:8      | XOM: blink monster(s)
  6886 | D:8      | XOM: 1-stop teleportation journey
  6948 | D:8      | Noticed Nr616's ghost (novice MiBe)
  6956 | D:8      | XOM: summons friendly quasit
  6959 | D:8      | Killed Nr616's ghost
  6980 | D:8      | XOM: medium Fire miscast
  7204 | D:8      | XOM: harmless Tmut miscast
  7312 | D:8      | HP: 3/78 [bullfrog skeleton (5)]
  7321 | D:8      | XOM: cast spell 'Summon Mana Viper'
  7326 | D:8      | Killed a two-headed ogre
  7326 | D:8      | Reached XP level 10. HP: 7/85 MP: 14/14
  7664 | D:8      | Found a staircase to the Lair.
  7687 | Lair:1   | Entered Level 1 of the Lair of Beasts
  7693 | Lair:1   | Noticed a fire crab
  7693 | Lair:1   | a komodo dragon changed into a fire crab
  7693 | Lair:1   | XOM: polymorph komodo dragon -> fire crab
  7695 | Lair:1   | XOM: fog
  7695 | Lair:1   | HP: 3/85 [water moccasin (4)]
  7695 | Lair:1   | Mangled by a fire crab

Skill      XL: |  1  2  3  4  5  6  7  8  9 |
---------------+----------------------------+-----
Axes           | 3 4 7 |  7.1
Armour         | 2 |  2.0
Fighting       | 4 5 6 7 9 10 | 10.0
Evocations     | 3 6 |  6.3
Dodging        | |  0.7

Action                   |  1- 3 |  4- 6 |  7- 9 | 10-12 || total
-------------------------+-------+-------+-------+-------++-------
Melee: Hand axe          |    99 |     9 |       |       ||   108
       Spear             |       |   134 |   172 |       ||   306
       War axe           |       |       |   126 |     3 ||   129
Evoke: Wand              |       |       |     8 |     1 ||     9
  Use: Scroll            |       |       |    10 |     1 ||    11
 Stab: Confused          |     1 |       |       |       ||     1
       Petrified         |     1 |       |       |       ||     1
       Petrifying        |       |     1 |       |       ||     1
       Paralysed         |       |       |     4 |       ||     4
Armor: Plate armour      |    81 |   114 |   108 |       ||   303
       Leather armour    |     1 |       |       |       ||     1
       Scale mail        |       |       |    77 |     3 ||    80
Dodge: Dodged            |    27 |    29 |   107 |       ||   163
Block: Shield            |       |       |    43 |     2 ||    45
